 Dungeon Crawl Stone Soup version 0.28.0-47-ge53b351184 (webtiles) character file.

Game seed: 463043102158731886

1411 Bruhh the Grappler (level 8, 0/59 HPs)
             Began as a Purple Draconian Transmuter on Apr 30, 2022.
             Was an Initiate of Gozag.
             Slain by a yak (11 damage)
             ... on level 5 of the Dungeon.
             The game lasted 00:07:36 (5958 turns).

Bruhh the Grappler (Purple Draconian Transmuter)    Turns: 5958, Time: 00:07:37

Health: 0/59       AC:  2    Str: 13    XL:     8   Next: 43%
Magic:  5/13       EV: 19    Int: 15    God:    Gozag
Gold:   485        SH:  0    Dex: 17    Spells: 8/14 levels left

rFire   . . .      SeeInvis .     - Unarmed
rCold   . . .      Faith    .   (shield currently unavailable)
rNeg    . . .      Spirit   .   (armour unavailable)
rPois   x          Reflect  .   (helmet currently unavailable)
rElec   .          Harm     .   (cloak currently unavailable)
rCorr   .          Rampage  .   (gloves currently unavailable)
Will    +....                   (boots currently unavailable)
Stlth   ++........              (no amulet)
HPRegen 0.19/turn               (no ring)
MPRegen 0.13/turn               (no ring)

@: mighty, spider-form, wereblooded (expiring), gold aura
A: venomous fangs, (breathe power), AC +6, tiny, unfitting armour,
(cold-blooded)
a: End Transformation, Renounce Religion, Potion Petition, Call Merchant, Bribe
Branch


You were on level 5 of the Dungeon.
You worshipped Gozag.
Gozag was aware of your devotion.
You were a venomous arachnid creature.
You visited 2 branches of the dungeon, and saw 6 of its levels.

You collected 544 gold pieces.
You paid 59 gold pieces to Gozag.

Inventory:

Jewellery
 h - a ring of fire
Wands
 j - a wand of flame (16)
Scrolls
 a - a scroll of enchant armour {unknown}
 b - 3 scrolls of blinking {unknown}
 e - 5 scrolls of identify {unknown}
 f - 2 scrolls of torment {unknown}
 i - a scroll of brand weapon {unknown}
 p - a scroll of enchant weapon {unknown}
 q - a scroll of noise {unknown}
Potions
 c - a potion of ambrosia
 g - a potion of haste
 l - a potion of lignification {unknown}
 m - a potion of resistance {unknown}
 n - a potion of attraction {unknown}
 o - a potion of flight {unknown}


   Skills:
 - Level 1.1 Fighting
 - Level 1.7 Dodging
 + Level 9.0 Unarmed Combat
 - Level 3.6 Spellcasting
 - Level 6.0 Transmutations


You had 8 spell levels left.
You knew the following spells:

 Your Spells              Type           Power      Damage    Failure   Level
a - Beastly Appendage     Tmut           40%        N/A       7%          1
b - Wereblood             Tmut           20%        N/A       10%         2
c - Spider Form           Tmut/Pois      11%        N/A       36%         3

Your spell library contained the following spells:

 Spells                   Type           Power      Damage    Failure   Level
 Ice Form                 Ice/Tmut       11%        N/A       71%         4


Dungeon Overview and Level Annotations

Branches:
Dungeon (5/15)             Temple (1/1) D:4

Altars:
Ashenzari
Cheibriados
Gozag
Wu Jian
Xom

Shops:
D:1 [   D:2 :


Innate Abilities, Weirdness & Mutations

You are a venomous arachnid creature.
You have poisonous fangs.
You are tiny and dextrous.
Your spellcasting is less reliable in this form.
Your armour is entirely melded.
You are incapable of wielding weapons or throwing items.
((You can breathe bolts of dispelling energy.))
((Your rich purple scales are hard. (AC +6)))
You cannot fit into any form of body armour.
((You are cold-blooded and may be slowed by cold attacks.))


Message History

The yak is distracted by your dazzling golden aura.
You feel very mighty all of a sudden. The yak gores you but does no damage.
Casting: Wereblood (safe; 2% risk of failure)
Confirm with . or Enter, or press ? or * to list all spells.
You turn into a venomous arachnid creature.
The yak bellows!
The yak gores you.
You bite the yak!
You feel a bit better.
You kill the yak!
The adder is distracted by your dazzling golden aura.
Your Unarmed Combat skill increases to level 9!
The yak is no longer distracted by gold. x2
The yak is distracted by your dazzling golden aura.
You see here 17 gold pieces.
The adder hisses angrily.
The yak bellows!
You hit the yak.
The yak is poisoned.
The yak is no longer distracted by gold.
The yak is lightly wounded.
The yak misses you.
You bite the yak!
The yak looks as sick as possible!
The yak is heavily wounded.
The adder is no longer distracted by gold.
The adder is distracted by your dazzling golden aura.
The yak barely misses you.
You completely miss the yak.
The yak is severely wounded.
Your primal bloodlust is almost over.
The yak gores you!
* * * LOW HITPOINT WARNING * * *
The adder hisses angrily.
You hit the yak.
The yak looks as sick as possible!
The yak is almost dead.
The yak misses you.
You completely miss the yak.
The yak is almost dead.
The adder is no longer distracted by gold.
The yak gores you!
You die...
Your body crumbles into a pile of gold.

..##....########.#.#
..##....# #.......#
........## #.#...###
..##.....# #.#.#.#
..#......###.#.#.#
###...##..##.#.#.#
#...##.......#.#
#...##.....#.#.#
#...##..######s#
#...##..# #Y#
#...##... #Y#
.......#. #S#
........ . .Y# $
<... ..# ...# ...#
....#


You could see 3 yaks and an adder.

Vanquished Creatures
  3 yaks (D:5)
  A necrophage (D:5)
  A sky beast (Temple)
  An ogre (D:4)
  2 scorpions (D:4)
  2 water moccasin skeletons
  3 killer bees (D:4)
  A hound (D:4)
  2 orc priests (D:4)
  2 iguanas
  2 orc wizards
  4 hound skeletons (D:4)
  A howler monkey zombie (D:4)
  4 adders
  2 adder skeletons (D:4)
  2 worms (D:3)
  3 dart slugs
  11 orcs
  6 ball pythons
  2 bats (D:3)
  8 endoplasms
  4 giant cockroaches
  5 goblins
  5 hobgoblins
  4 frilled lizards
  8 kobolds
  A quokka skeleton (D:4)
  A rat (D:2)
91 creatures vanquished.

Vanquished Creatures (others)
  A hobgoblin (D:4)
1 creature vanquished.

Grand Total: 92 creatures vanquished

Notes
Turn   | Place    | Note
-------+----------+-------------------------------------------
     0 | D:1      | Bruhh the Draconian Transmuter began the quest for the Orb.
     0 | D:1      | Reached XP level 1. HP: 16/16 MP: 3/3
   234 | D:1      | Found Jonyqozxus's Antique Armour Emporium.
   548 | D:1      | Reached XP level 2. HP: 23/23 MP: 3/5
  1275 | D:2      | Reached skill level 4 in Unarmed Combat
  1437 | D:2      | Found Meemitok's Book Boutique.
  1958 | D:2      | Reached XP level 3. HP: 25/28 MP: 4/6
  2567 | D:3      | Reached XP level 4. HP: 30/35 MP: 7/7
  2572 | D:3      | Reached skill level 5 in Unarmed Combat
  2585 | D:3      | Learned a level 2 spell: Wereblood
  3363 | D:4      | Noticed a sky beast
  3363 | D:4      | Found a staircase to the Ecumenical Temple.
  3368 | Temple   | Entered the Ecumenical Temple
  3376 | Temple   | Killed a sky beast
  3377 | Temple   | Reached XP level 5. HP: 37/40 MP: 4/9
  3423 | Temple   | Became a worshipper of Gozag Ym Sagoz the Greedy
  3872 | D:4      | Reached XP level 6. HP: 36/47 MP: 7/10
  3994 | D:4      | Found a broken altar of Ashenzari.
  4034 | D:4      | Reached skill level 5 in Transmutations
  4406 | D:4      | Your scales start taking on a rich purple colour.
  4406 | D:4      | Reached XP level 7. HP: 15/52 MP: 10/12
  5163 | D:4      | Reached skill level 6 in Unarmed Combat
  5747 | D:5      | Entered Level 5 of the Dungeon
  5827 | D:5      | Reached skill level 7 in Unarmed Combat
  5859 | D:5      | Learned a level 3 spell: Spider Form
  5922 | D:5      | Noticed a yak
  5922 | D:5      | Noticed a yak
  5922 | D:5      | Noticed a yak
  5925 | D:5      | Noticed a yak
  5925 | D:5      | Noticed a yak
  5928 | D:5      | Noticed a yak
  5932 | D:5      | Killed a yak
  5933 | D:5      | Reached skill level 8 in Unarmed Combat
  5933 | D:5      | Reached XP level 8. HP: 38/59 MP: 5/13
  5953 | D:5      | Reached skill level 9 in Unarmed Combat
  5958 | D:5      | Slain by a yak

Illustrated notes

Levels and vault maps discovered:
D:1:      minmay_arrival_hallway, layout_loops_corners, serial_shops, shop,
          minmay_tromino_i2
D:2:      layout_basic, serial_shops,
          nicolae_shop_temple_entry_statues_fountains
D:3:      layout_loops_ring
D:4:      layout_basic, cheibrodos_ashenzari_chains,
          minmay_temple_entry_butterflies, nzn_random_ring
D:5:      minmay_spotlight, layout_basic, serial_shops, shop, uniq_blork_the_orc
Temple:   regret_index_temple_waves

Skill      XL: |  1  2  3  4  5  6  7  8 |
---------------+-------------------------+-----
Unarmed Combat | 4 5 8 9 |  9.0
Transmutations | 3 4 6 |  6.0
Spellcasting   | 3 |  3.6
Fighting       | |  1.1
Dodging        | |  1.7

Action                   |  1- 3 |  4- 6 |  7- 9 || total
-------------------------+-------+-------+-------++-------
Melee: Unarmed           |    86 |   136 |   118 ||   340
       Kick              |    12 |    37 |    25 ||    74
       Punch             |     2 |     4 |     6 ||    12
       Headbutt          |     4 |    16 |    13 ||    33
       Tailslap          |     6 |    11 |    10 ||    27
 Cast: Beastly Appendage |    13 |    22 |    14 ||    49
       Wereblood         |       |     4 |     3 ||     7
       Spider Form       |       |       |     2 ||     2
  Use: Potion            |       |     5 |     2 ||     7
 Stab: Distracted        |       |       |     1 ||     1
Armor: Skin              |    25 |    52 |    27 ||   104
Dodge: Dodged            |    54 |   102 |    59 ||   215
